AoeStats
← leyleyshow

Arabia

510014383Analyzed
3v3 RM · 4d ago on Sep 29, 2026· 82m 52s· 6 players
Game mode
Random Map
Map size
Normal (6 player)
Population
200
Speed
Normal
Resources
Standard
Victory
Conquest
Starting age
Dark Age
Ending age
Imperial Age
RankedLock teamsTeams togetherTeam positionsShared explorationLock speedFull tech treeHidden civsTurbo modeCheats
Victory
Defeat
🇦🇷 Byzantines · Argentina
1021
+14
🇨🇱 Mongols · Chile
1015
+14
🇨🇱 Khmer · Chile
1015
+14
🇧🇷 Teutons · Brazil
994
-14
🇧🇷 Maya · Brazil
989
-15
🇧🇷 Magyars · Brazil
943
-13
Panxhoculiao
6:37 Loom
8:56 Feudal Age
10:54 Town Watch
11:38 Double-Bit Axe
18:03 Castle Age
16:30 Stone Mining
17:06 Padded Archer Armor
19:05 Fletching
19:05 Elite Skirmisher
20:25 Horse Collar
23:03 Gold Mining
26:18 Heavy Plow
28:11 Wheelbarrow
28:15 Bow Saw
29:33 Ballistics
31:00 Bodkin Arrow
32:01 Murder Holes
32:32 Hand Cart
32:56 Leather Archer Armor
32:46 Husbandry
33:09 Thumb Ring
39:43 Imperial Age
41:05 Town Patrol
41:40 Conscription
40:56 Heavy Scorpion
42:17 Drill
44:31 Chemistry
44:36 Onager
46:46 Bracer
62:26 Scale Barding Armor
62:31 Forging
61:49 Light Cavalry
62:37 Siege Engineers
65:17 Coinage
67:28 Bloodlines
67:04 Elite Steppe Lancer
68:19 Chain Barding Armor
68:35 Iron Casting
69:14 Hussar
78:42 Heavy Camel Rider
HelChelo
10:37 Feudal Age
10:31 Loom
16:18 Castle Age
14:36 Double-Bit Axe
14:43 Horse Collar
20:08 Scale Barding Armor
20:17 Forging
25:20 Squires
30:15 Wheelbarrow
29:46 Husbandry
32:09 Fletching
33:04 Hand Cart
35:53 Scale Mail Armor
35:44 Gambesons
35:45 Arson
43:30 Imperial Age
41:29 Gold Mining
41:31 Stone Mining
41:56 Bow Saw
42:42 Chain Barding Armor
42:57 Iron Casting
43:46 Heavy Camel Rider
44:33 Heavy Plow
44:03 Cavalier
46:52 Gold Shaft Mining
47:54 Paladin
49:13 Conscription
52:24 Plate Barding Armor
56:40 Chemistry
67:26 Elite Cataphract
73:03 Logistica
PIPEX1356
6:29 Loom
12:26 Feudal Age
17:11 Castle Age
15:25 Stone Mining
16:07 Double-Bit Axe
17:52 Bloodlines
19:39 Husbandry
22:59 Wheelbarrow
23:15 Horse Collar
27:44 Tusk Swords
29:45 Hand Cart
37:33 Heavy Plow
37:47 Bow Saw
37:31 Gold Mining
38:16 Stone Shaft Mining
44:57 Imperial Age
45:06 Heavy Scorpion
45:23 Capped Ram
46:06 Double Crossbow
46:15 Double Crossbow
47:50 Ballistics
48:30 Chemistry
48:45 Crop Rotation
49:15 Gold Shaft Mining
49:25 Caravan
54:34 Forging
54:30 Scale Barding Armor
54:54 Elite Battle Elephant
57:06 Iron Casting
56:51 Chain Barding Armor
56:32 Padded Archer Armor
56:23 Fletching
62:54 Blast Furnace
62:52 Plate Barding Armor
62:31 Murder Holes
64:14 Elite Ballista Elephant
65:30 Hoardings
65:18 Bodkin Arrow
65:38 Leather Archer Armor
65:59 Siege Engineers
72:30 Siege Ram
74:04 Bracer
leyleyshow
0:28 Loom
9:23 Feudal Age
12:32 Horse Collar
17:24 Fletching
18:03 Padded Archer Armor
23:38 Castle Age
21:27 Double-Bit Axe
24:51 Bow Saw
24:33 Gold Mining
25:18 Bodkin Arrow
24:44 Crossbowman
26:46 Leather Archer Armor
26:29 Eagle Warrior
28:43 Forging
28:34 Scale Mail Armor
30:16 Ballistics
32:53 Chain Mail Armor
35:33 Iron Casting
35:16 Leather Archer Armor
36:15 Leather Archer Armor
41:18 Imperial Age
42:14 Bracer
42:29 Arbalester
44:37 Ring Archer Armor
48:20 Holcans
49:55 Holcans
49:45 Thumb Ring
50:02 Hul'che Javelineers
50:23 Conscription
51:25 Blast Furnace
51:04 Plate Mail Armor
52:22 Elite Eagle Warrior
60:56 Elite Skirmisher
69:39 Wheelbarrow
81:55 Chemistry
FIFI
6:16 Loom
11:45 Feudal Age
12:18 Horse Collar
12:28 Double-Bit Axe
13:45 Man-at-Arms
15:30 Forging
18:08 Scale Mail Armor
20:15 Arson
26:52 Castle Age
26:54 Long Swordsman
27:19 Gambesons
27:35 Squires
28:13 Iron Casting
27:54 Chain Mail Armor
28:14 Pikeman
38:31 Imperial Age
36:39 Wheelbarrow
37:43 Heavy Plow
40:48 Blast Furnace
40:25 Plate Mail Armor
40:49 Halberdier
42:05 Elite Teutonic Knight
jão
11:25 Feudal Age
12:00 Double-Bit Axe
11:57 Horse Collar
20:01 Bloodlines
21:01 Scale Barding Armor
21:19 Stone Mining
21:20 Gold Mining
27:13 Castle Age
30:07 Gold Shaft Mining
29:39 Corvinian Army
30:18 Chain Barding Armor
42:11 Wheelbarrow
48:31 Hand Cart
53:19 Imperial Age
51:29 Heavy Plow
51:48 Bow Saw
53:43 Elite Magyar Huszar
55:06 Plate Barding Armor
55:31 Crop Rotation
56:49 Conscription
Connection lost

Rejoining the realm…

Still unreachable

The connection could not be restored.

Session expired

The server has moved on; the page needs a fresh start.